[Event "*** Titled Tuesday Blitz"]
[Site "Chess.com"]
[Date "2019.02.05"]
[Round "1"]
[White "schoolmeester"]
[Black "Supelyel"]
[Result "1-0"]
[WhiteElo "2725"]
[BlackElo "2333"]
[TimeControl "180+2"]
[EndTime "13:07:02 PST"]
[Termination "schoolmeester won by resignation"]

1. e4 c5 2. Nf3 Nc6 3. Bb5 g6 4. O-O Bg7 5. Re1 Nf6 6. e5 Nd5 7. Nc3 Nc7 8. Bxc6 dxc6 9. Ne4 b6 10.
Nf6+ Kf8 11. Ne4 Bg4 12. h3 Bxf3 13. Qxf3 h6 14. d3 Qd5 15. Nd2 Rd8 16. Qe2 Ne6 17.
Nf3 Kg8 18. Bd2 Kh7 19. b3 Rhe8 20. Rad1 Qd7 21. Be3 Nc7 22. c4 Qf5 23. d4 cxd4 24. Nxd4 Qd7 25. Qf3 c5 26. Nc6 Qc8 27. Nxd8 Rxd8 28.
Qxf7 Re8 29. Rd3 Ne6 30. Red1 Rf8 31. Qxe7 Re8 32. Qxa7 1-0

[Event "*** Titled Tuesday Blitz"]
[Site "Chess.com"]
[Date "2019.02.05"]
[Round "1"]
[White "alexsuper1987"]
[Black "MatthewG-p4p"]
[Result "0-1"]
[WhiteElo "2287"]
[BlackElo "2659"]
[TimeControl "180+2"]
[EndTime "13:07:02 PST"]
[Termination "MatthewG-p4p won by checkmate"]

1. e4 e6 2. d4 d5 3. Nc3 Bb4 4. e5 c5 5. a3 Bxc3+ 6. bxc3 Ne7 7.
Qg4 cxd4 8. Qxg7 Rg8 9. Qxh7 Qc7 10. Ne2 Nbc6 11. f4 Bd7 12. h4 O-O-O 13. Qd3 dxc3 14. h5 d4 15. Rb1 Nf5 16. g3 a6 17. Bg2 Na5 18. Be4 Bb5 19. Rxb5 axb5 20. Bxf5 exf5 21. Qxf5+ Kb8 22. h6 Qc6 23. Rh2 Nc4 24. h7 Rh8 25.
Qxf7 d3 26. cxd3 Rxd3 27. Qf6 Qc8 28. e6 Nd2 29. Rh5 Ka8 30. Rxb5 Rxh7 31. Ra5+ Kb8 32. Qe5+ Qc7 33. e7 Nf3+ 34. Kf2 Rh2+ 35. Kf1 Rd1# 0-1

[Event "*** Titled Tuesday Blitz"]
[Site "Chess.com"]
[Date "2019.02.05"]
[Round "1"]
[White "iturrizaga"]
[Black "arctic_t00"]
[Result "1-0"]
[WhiteElo "2763"]
[BlackElo "2373"]
[TimeControl "180+2"]
[EndTime "13:07:04 PST"]
[Termination "iturrizaga won on time"]

1. Nf3 Nf6 2. c4 g6 3. g3 Bg7 4. Bg2 O-O 5. O-O d6 6. d4 Nbd7 7. Nc3 e5 8. Qc2 Re8 9. Rd1 c6 10. b3 Qe7 11. Ba3 e4 12. Ng5 e3 13. f3 h6 14.
Nge4 c5 15. dxc5 dxc5 16. Nd6 Rd8 17. f4 Rb8 18. Ncb5 Ne8 19. Bd5 Nxd6 20. Nxd6 Nb6 21. Bxf7+ Kh8 22. Qxg6 Nd7 23. Nf5 Qf6 24. Nxg7 Qxg7 25.
Bb2 1-0

[Event "*** Titled Tuesday Blitz"]
[Site "Chess.com"]
[Date "2019.02.05"]
[Round "1"]
[White "minnesotachessmaster"]
[Black "MissingLife"]
[Result "1/2-1/2"]
[WhiteElo "2007"]
[BlackElo "2462"]
[TimeControl "180+2"]
[EndTime "13:07:05 PST"]
[Termination "Game drawn by agreement"]

1. e4 e6 2. d4 d5 3. Nc3 Bb4 4.
e5 Ne7 5. a3 Ba5 6. b4 Bb6 7.
Be3 Nf5 8. Nf3 Nc6 9. Bb5 Bd7 10. Bxc6 Bxc6 11. O-O O-O 12. Ne2 Bb5 13. Re1 Nxe3 14.
fxe3 f5 15. Nf4 Qe7 16. h4 a5 17. c3 g6 18. Kf2 Ra7 19. Rg1 Rfa8 20. Qc1 axb4 21.
cxb4 Bc4 22. g4 Rf8 23. g5 c6 24. h5 Kf7 25. Rh1 Rg8 26. hxg6+ hxg6 27. Rh7+ Rg7 28. Rxg7+ Kxg7 29. Qh1 Kg8 30. Nxg6 Qh7 31. Qxh7+ Kxh7 32. Nf8+ Kg8 33. Nxe6 Bd3 34. Nf4 Be4 35. g6 Bd8 36.
Kg3 Be7 37. Nd2 Bxb4 38. Nb3 Rxa3 39. Rxa3 Bxa3 40. e6 b6 41. Nd2 Kg7 42. Nxe4 dxe4 43. Kh4 Be7+ 44. Kh5 Bd6 45. Ng2 b5 46. Nh4 Kf6 47.
Nxf5 Bf8 48. e7 Bxe7 49. Nxe7 b4 50. Kh6 b3 51. g7 b2 52. g8=Q b1=Q 53. Qf8+ Ke6 54.
Ng6 1/2-1/2

[Event "*** Titled Tuesday Blitz"]
[Site "Chess.com"]
[Date "2019.02.05"]
[Round "1"]
[White "GeorgMeier"]
[Black "DiogenesSinopeus"]
[Result "1-0"]
[WhiteElo "2843"]
[BlackElo "2420"]
[TimeControl "180+2"]
[EndTime "13:07:11 PST"]
[Termination "GeorgMeier won by resignation"]

1. Nf3 Nf6 2. g3 d5 3. Bg2 c6 4. O-O Bg4 5. c4 e6 6. cxd5 Bxf3 7. Bxf3 cxd5 8. d3 Nc6 9. Nc3 Be7 10. e4 dxe4 11.
dxe4 e5 12. Be3 O-O 13. Qb3 Nd4 14. Bxd4 Qxd4 15. Qxb7 Qb4 16. Qxb4 Bxb4 17. Rac1 Rab8 18. Na4 Rfc8 19. Rfd1 Kf8 20. Kf1 Ke7 21. Ke2 h5 22. Bg2 Bd6 23. b3 Nh7 24. h4 Nf8 25. Bh3 Ne6 26. Bxe6 Kxe6 27. Nb2 f6 28. Rxc8 Rxc8 29. Nc4 Be7 30. Rd5 g5 31. Ra5 Rc7 32. Ra6+ Kf7 33. Ne3 Kg6 34. Nd5 Rd7 35. b4 Bd8 36. a4 Kg7 37. a5 f5 38. hxg5 fxe4 39. Nf6 Bxf6 40. gxf6+ Kf7 41. Ke3 Rd4 42. Rxa7+ Kxf6 43. Rb7 Kf5 44.
a6 Rd3+ 45. Ke2 Ra3 46. a7 h4 47. gxh4 Kf4 48. Rf7+ Kg4 49. b5 1-0

[Event "*** Titled Tuesday Blitz"]
[Site "Chess.com"]
[Date "2019.02.05"]
[Round "1"]
[White "Yaacovn"]
[Black "Zufi1811"]
[Result "0-1"]
[WhiteElo "2707"]
[BlackElo "2346"]
[TimeControl "180+2"]
[EndTime "13:07:11 PST"]
[Termination "Zufi1811 won on time"]

1. d4 Nf6 2. Nf3 d5 3. c4 e6 4. Nc3 Nbd7 5. Bg5 c6 6. e3 Qa5 7. Nd2 dxc4 8. Bxf6 Nxf6 9. Nxc4 Qc7 10. Be2 Be7 11. O-O O-O 12. Rc1 Rd8 13. Qc2 Bd7 14.
Rfd1 Be8 15. Bf3 Rac8 16. h3 Qb8 17. Ne4 Nxe4 18. Bxe4 g6 19. Qb3 b6 20. Bf3 c5 21.
d5 b5 22. Na5 c4 23. Qc3 exd5 24. Rxd5 Rxd5 25. Bxd5 Qb6 26. Rd1 b4 27. Qe5 Bf6 28. Qf4 Qxa5 29. Qxf6 Qxa2 30. e4 Qa4 31. Rd4 Qa1+ 32.
Kh2 Qxb2 0-1

[Event "*** Titled Tuesday Blitz"]
[Site "Chess.com"]
[Date "2019.02.05"]
[Round "1"]
[White "LyonBeast"]
[Black "Fy_Rakotomaharo"]
[Result "1-0"]
[WhiteElo "2909"]
[BlackElo "2452"]
[TimeControl "180+2"]
[EndTime "13:07:12 PST"]
[Termination "LyonBeast won by resignation"]

1. e4 c5 2. Nf3 d6 3. d4 cxd4 4. Nxd4 Nf6 5. Nc3 a6 6. h3 e5 7.
Nde2 h5 8. Bg5 Nbd7 9. Nd5 Be7 10. Nxe7 Qxe7 11. Nc3 Qe6 12. Be2 b6 13. O-O Bb7 14.
Bf3 Rc8 15. Re1 g6 16. Qd2 Nh7 17. Be3 Rc7 18. Rad1 Ke7 19. Qe2 Rhc8 20. Rd3 Nc5 21.
Rd2 b5 22. Red1 b4 23. Nd5+ Bxd5 24. Rxd5 Rc6 25. Qd2 a5 26. Bxc5 dxc5 27. Rd7+ Kf6 28. Bxh5 Kg7 29. Bg4 Qxa2 30. Re7 Nf6 31. Bxc8 1-0

[Event "*** Titled Tuesday Blitz"]
[Site "Chess.com"]
[Date "2019.02.05"]
[Round "1"]
[White "KlyashtornyVladislav"]
[Black "Ginger_GM"]
[Result "0-1"]
[WhiteElo "2194"]
[BlackElo "2561"]
[TimeControl "180+2"]
[EndTime "13:07:15 PST"]
[Termination "Ginger_GM won by resignation"]

1. e4 e6 2. d4 d5 3. Nc3 Nf6 4.
e5 Nfd7 5. f4 c5 6. Nf3 Nc6 7. Be3 Be7 8. Qd2 a6 9. Be2 O-O 10. a3 f6 11. exf6 Nxf6 12. dxc5 Ng4 13. Bg1 Qa5 14. Nd4 Nh6 15. b4 Qc7 16. Nxc6 bxc6 17.
g3 e5 18. fxe5 Qxe5 19. Bd4 Qe6 20. O-O-O Nf5 21. Bg4 Qg6 22. Bxf5 Bxf5 23. h4 Bg4 24.
Rde1 Bf6 25. Na4 a5 26. Bc3 axb4 27. Bxf6 Qxf6 28. Qxb4 Qa1+ 29. Kd2 Rf2+ 30. Ke3 Qf6 0-1

[Event "*** Titled Tuesday Blitz"]
[Site "Chess.com"]
[Date "2019.02.05"]
[Round "1"]
[White "cyber-alekhine2"]
[Black "tioloko"]
[Result "0-1"]
[WhiteElo "2215"]
[BlackElo "2569"]
[TimeControl "180+2"]
[EndTime "13:07:16 PST"]
[Termination "tioloko won by resignation"]

1. e4 c5 2. Nf3 Nc6 3. d3 g6 4. g3 Bg7 5. Bg2 Nf6 6. O-O O-O 7.
Nbd2 d5 8. Re1 dxe4 9. dxe4 Nd7 10. c3 Nde5 11. Qc2 Nd3 12. Rd1 Nxc1 13. Raxc1 Qc7 14.
h3 b6 15. Nc4 Bb7 16. Ne3 e6 17. a4 Rac8 18. Nd2 Bh6 19. Ndc4 Ba6 20. f4 Bxc4 21. Nxc4 e5 22. Ne3 exf4 23. Nd5 Qe5 24. gxf4 Bxf4 25. Ra1 Ne7 26. Qf2 Bg5 27. h4 Bh6 28. Nf6+ Kg7 29. Nd7 Qe6 30. Nxf8 Rxf8 31. Qf3 Nc6 32. Bh3 Qe7 33.
Rd7 Qxh4 34. Rf1 Ne5 0-1

[Event "*** Titled Tuesday Blitz"]
[Site "Chess.com"]
[Date "2019.02.05"]
[Round "1"]
[White "jsdbv18"]
[Black "Synctel"]
[Result "1-0"]
[WhiteElo "2474"]
[BlackElo "1890"]
[TimeControl "180+2"]
[EndTime "13:07:17 PST"]
[Termination "jsdbv18 won by checkmate"]

1. e4 e6 2. d4 d5 3. Nd2 Nc6 4. Ngf3 Nf6 5. e5 Nd7 6. Bb5 Be7 7. O-O O-O 8. c3 f6 9. Re1 fxe5 10. dxe5 Nc5 11.
Nf1 a6 12. Be2 Ne4 13. Bd3 Nc5 14. Bc2 a5 15. Ng3 Bd7 16. Nd4 Nxd4 17. cxd4 Na6 18. Qd3 g6 19. a3 c5 20. Bh6 Rf7 21. f4 cxd4 22. Ne2 Nc5 23. Qh3 Ne4 24. Bd3 Bf8 25.
Bxf8 Qxf8 26. g3 Rc8 27. Rad1 Ba4 28. Rc1 Bd7 29. Nxd4 Qe7 30. Nf3 Rff8 31. Bxe4 dxe4 32. Ng5 e3 33. Qg2 Bb5 34. Ne4 e2 35. Nf6+ Kh8 36.
Qe4 Rxc1 37. Rxc1 Rd8 38. Qc2 Rd1+ 39. Rxd1 exd1=Q+ 40.
Qxd1 Qc5+ 41. Kg2 Bc6+ 42. Kh3 Qf2 43. Qd8+ Kg7 44. Qg8+ Kh6 45. Qxh7# 1-0

[Event "*** Titled Tuesday Blitz"]
[Site "Chess.com"]
[Date "2019.02.05"]
[Round "1"]
[White "Alex_Terzi"]
[Black "BillForster"]
[Result "1-0"]
[WhiteElo "2462"]
[BlackElo "1711"]
[TimeControl "180+2"]
[EndTime "13:07:20 PST"]
[Termination "Alex_Terzi won by resignation"]

1. g3 d5 2. Bg2 c6 3. d3 e5 4. Nf3 Bd6 5. O-O f5 6. e4 Nf6 7. exf5 Bxf5 8. Re1 Nbd7 9. Nxe5 O-O 10. Nxd7 Qxd7 11. Nc3 Bh3 12. Bd2 Bxg2 13. Kxg2 Ng4 14. f3 Ne5 15. f4 Ng4 16. Qe2 Rf6 17. a4 Rh6 18. h4 Rf8 19. Rf1 Qf5 20. Rae1 Qh5 21. Nd1 Bxf4 22. Bxf4 1-0

[Event "*** Titled Tuesday Blitz"]
[Site "Chess.com"]
[Date "2019.02.05"]
[Round "1"]
[White "Vulcanochess"]
[Black "lucasmito"]
[Result "1-0"]
[WhiteElo "2431"]
[BlackElo "2576"]
[TimeControl "180+2"]
[EndTime "13:07:21 PST"]
[Termination "Vulcanochess won by resignation"]

1. d4 Nf6 2. c4 g6 3. Nc3 d5 4. cxd5 Nxd5 5. e4 Nxc3 6. bxc3 Bg7 7. Bc4 c5 8. Ne2 Qc7 9. Bb3 Nc6 10. O-O O-O 11.
Bf4 e5 12. Bg3 cxd4 13. cxd4 Qe7 14. dxe5 Nxe5 15. Rc1 Be6 16. Bd5 Rfd8 17. Qb3 Bxd5 18.
exd5 b6 19. Nd4 Qd7 20. Nc6 Re8 21. Rfd1 Rac8 22. h3 Nxc6 23. dxc6 Qf5 24. Rd5 Qe6 25. c7 Bf6 26. Rcd1 Kg7 27. Qa4 a5 28. Rd6 Qe2 29.
Rxb6 Re4 30. Qd7 Ree8 31. Rb8 Qa6 32. Rd6 Qe2 1-0

[Event "*** Titled Tuesday Blitz"]
[Site "Chess.com"]
[Date "2019.02.05"]
[Round "1"]
[White "Gabrielian_Artur"]
[Black "staz_staz"]
[Result "1-0"]
[WhiteElo "2737"]
[BlackElo "2349"]
[TimeControl "180+2"]
[EndTime "13:07:22 PST"]
[Termination "Gabrielian_Artur won by resignation"]

1. e4 c5 2. Nc3 g6 3. g3 Bg7 4.
Bg2 Nc6 5. d3 e5 6. Be3 d6 7.
Qd2 Be6 8. h4 a6 9. h5 Nge7 10.
Nf3 Qd7 11. Ng5 Nd4 12. Nd5 Nxd5 13. exd5 Bf5 14. c3 Nb5 15. h6 Bf6 16. Ne4 Bxe4 17.
dxe4 Nc7 18. f4 O-O 19. O-O b5 20. Kh2 Qg4 21. Bh3 Qh5 22. g4 Qh4 23. Bf2 Qxh6 24. g5 Qg7 25. gxf6 Qxf6 26. Bg3 exf4 27. Rxf4 Qe7 28.
Raf1 Ne8 29. Qf2 Ng7 30. Rf6 Rad8 31. Bh4 Qe5+ 32. Qg3 Qxe4 33. R6f4 Qxd5 34. Bxd8 Rxd8 35. Rxf7 Nf5 36. R7xf5 1-0

[Event "*** Titled Tuesday Blitz"]
[Site "Chess.com"]
[Date "2019.02.05"]
[Round "1"]
[White "RiskyDecision"]
[Black "AryanTari"]
[Result "0-1"]
[WhiteElo "2406"]
[BlackElo "2840"]
[TimeControl "180+2"]
[EndTime "13:07:25 PST"]
[Termination "AryanTari won by resignation"]

1. d4 d5 2. c4 dxc4 3. e4 b5 4. a4 c6 5. axb5 cxb5 6. Nc3 a6 7. Nxb5 axb5 8. Rxa8 Bb7 9. Ra1 e6 10. f3 f5 11. exf5 Nh6 12. fxe6 Nf5 13. g3 Nxd4 14. Kf2 Bc5 15. Be3 Qf6 16. Bg2 Nb3 17. Bxc5 Nxc5 18.
Ne2 Nd3+ 19. Kg1 Qe5 20. h4 O-O 21. Kh2 Nf2 22. Qd2 Nxh1 23. Rxh1 Qxe6 24. Nf4 Qf6 25. Re1 Nc6 26. Re6 Qd4 27. Qxd4 Nxd4 28. Re7 Bxf3 29. Bxf3 Nxf3+ 30. Kg2 Nxh4+ 31. Kh3 Ng6 32. Nxg6 hxg6 33. Rb7 Rf5 34. g4 Rf3+ 35. Kh4 Rb3 36. Kg5 Kh7 37. Rc7 Rxb2 38. Rc5 Rb3 39. Rc7 c3 40. Rc5 b4 41.
Rc4 Rb2 42. Rc7 c2 43. Rc4 b3 44. Rc3 Rb1 45. Rh3+ Kg8 0-1

[Event "*** Titled Tuesday Blitz"]
[Site "Chess.com"]
[Date "2019.02.05"]
[Round "1"]
[White "GelmanAlexander"]
[Black "gemarin"]
[Result "1-0"]
[WhiteElo "2502"]
[BlackElo "2075"]
[TimeControl "180+2"]
[EndTime "13:07:25 PST"]
[Termination "GelmanAlexander won by resignation"]

1. f4 d5 2. Nf3 c6 3. g3 Bf5 4. Bg2 e6 5. O-O Nf6 6. b3 Bc5+ 7. e3 Nbd7 8. Bb2 a5 9. a4 O-O 10. Nc3 Re8 11. Ne2 Ne4 12. Ned4 Bb6 13. d3 Nef6 14.
h3 Bg6 15. g4 h6 16. Kh1 c5 17. Nb5 Nf8 18. Ne5 Bh7 19. g5 N6d7 20. gxh6 gxh6 21. Rg1 Nxe5 22. Bxe5 Bg6 23. Qg4 Kh7 24. e4 f5 25.
exf5 exf5 26. Qg3 Re6 27. c4 dxc4 28. dxc4 Qd7 29. Rad1 Qe8 30. Bxb7 Re7 31. Bxa8 Qxa8+ 32. Kh2 Qc6 33. Rd6 Qe8 34. Rxb6 1-0

[Event "*** Titled Tuesday Blitz"]
[Site "Chess.com"]
[Date "2019.02.05"]
[Round "1"]
[White "TrimitziosP7"]
[Black "nocnypako"]
[Result "1-0"]
[WhiteElo "2682"]
[BlackElo "2303"]
[TimeControl "180+2"]
[EndTime "13:07:26 PST"]
[Termination "TrimitziosP7 won by resignation"]

1. d4 Nf6 2. c4 g6 3. Nc3 d5 4. Nf3 Bg7 5. Qb3 dxc4 6. Qxc4 O-O 7. e4 Nc6 8. Be2 Bg4 9. d5 Na5 10. Qb4 Bxf3 11. Bxf3 c6 12. O-O Qb6 13. Qa4 Nd7 14. Rd1 Rfd8 15. g3 Rac8 16. Bg4 Nc5 17. Qc2 Rb8 18.
Be3 Nc4 19. Bxc5 Qxc5 20. Na4 Qb5 21. Be2 cxd5 22. exd5 Rbc8 23. Rac1 Qe8 24. Bxc4 b5 25. Qe2 bxa4 26. Bb5 Qf8 27. Bxa4 Rxc1 28. Rxc1 Rxd5 29.
Bb3 Rd6 30. Rc7 Bd4 31. Rxe7 Rf6 32. Re8 Rxf2 33. Rxf8+ Kxf8 34. Qc4 1-0

[Event "*** Titled Tuesday Blitz"]
[Site "Chess.com"]
[Date "2019.02.05"]
[Round "1"]
[White "Babas"]
[Black "justantan"]
[Result "0-1"]
[WhiteElo "2323"]
[BlackElo "2704"]
[TimeControl "180+2"]
[EndTime "13:07:29 PST"]
[Termination "justantan won by resignation"]

1. d4 Nf6 2. Nf3 d5 3. e3 c5 4. dxc5 Nc6 5. Bb5 e6 6. b4 Bd7 7. c3 a5 8. Qb3 Ne4 9. a3 axb4 10.
cxb4 b6 11. Nd4 Nxd4 12. Bxd7+ Qxd7 13. exd4 Be7 14. O-O O-O 15. Nc3 Bf6 16. Rd1 Nxc3 17. Qxc3 bxc5 18. bxc5 Ra4 19. c6 Qc7 20. Be3 Rfa8 21.
Qb3 Qxc6 22. Rdc1 Qa6 23. g3 h6 24. Rc7 Bxd4 25. Bxd4 Rxd4 26. Rb1 Rc4 27. Re7 Qxa3 28. Qb7 Rf8 29. Re1 Rc1 30. Rxc1 Qxc1+ 31. Kg2 Qc4 32. Kg1 d4 33. Rd7 e5 34. Qe4 Re8 35. h4 Qe6 36. Rc7 Rd8 37. Rc5 d3 38. Rxe5 d2 0-1

[Event "*** Titled Tuesday Blitz"]
[Site "Chess.com"]
[Date "2019.02.05"]
[Round "1"]
[White "kacprekt"]
[Black "murmah2003"]
[Result "0-1"]
[WhiteElo "2296"]
[BlackElo "2658"]
[TimeControl "180+2"]
[EndTime "13:07:29 PST"]
[Termination "murmah2003 won by resignation"]

1. d4 Nf6 2. c4 c5 3. d5 b5 4.
cxb5 a6 5. bxa6 Bxa6 6. Nc3 g6 7. Nf3 d6 8. g3 Bg7 9. Bg2 O-O 10.
Rb1 Nbd7 11. O-O Ne8 12. Qc2 Nc7 13. Rd1 Qb8 14. Bd2 Nb5 15. e4 Nd4 16. Nxd4 cxd4 17.
Na4 Rc8 18. Qb3 Qxb3 19. axb3 Bd3 20. Ra1 Bc2 21. Rdc1 Bxb3 22. Rxc8+ Rxc8 23. Ra3 Bc2 24. b3 d3 25. Bf1 Rb8 26. Nc3 Nc5 27. b4 Bxc3 28. Bxc3 Nxe4 29. b5 Nxc3 30. Rxc3 d2 31.
Be2 d1=Q+ 32. Bxd1 Bxd1 33. Rc7 Rxb5 34. Rxe7 Bf3 0-1

[Event "*** Titled Tuesday Blitz"]
[Site "Chess.com"]
[Date "2019.02.05"]
[Round "1"]
[White "Polish_fighter3000"]
[Black "talento10"]
[Result "1-0"]
[WhiteElo "3016"]
[BlackElo "2459"]
[TimeControl "180+2"]
[EndTime "13:07:30 PST"]
[Termination "Polish_fighter3000 won by resignation"]

1. e4 c5 2. Nf3 d6 3. d4 cxd4 4. Nxd4 Nf6 5. Nc3 g6 6. Be3 Bg7 7. f3 O-O 8. Qd2 Nc6 9. Bc4 Ne5 10. Bb3 Bd7 11. Bh6 Rc8 12. h4 Nc4 13. Bxc4 Bxh6 14. Qxh6 Rxc4 15. Nde2 Qa5 16. O-O-O Rfc8 17. Kb1 Be6 18. Qd2 Qa6 19. h5 Nxh5 20. g4 Nf6 21. a4 Qc6 22. Nd4 Qd7 23. Nd5 Bxd5 24. exd5 Rxa4 25.
b3 Ra5 26. Qxa5 1-0

[Event "*** Titled Tuesday Blitz"]
[Site "Chess.com"]
[Date "2019.02.05"]
[Round "1"]
[White "regular_legs"]
[Black "indfraeng"]
[Result "1-0"]
[WhiteElo "2483"]
[BlackElo "1990"]
[TimeControl "180+2"]
[EndTime "13:07:30 PST"]
[Termination "regular_legs won by checkmate"]

1. d4 Nf6 2. c4 c5 3. d5 e6 4. Nc3 exd5 5. cxd5 d6 6. e4 g6 7.
Nge2 Bg7 8. Ng3 O-O 9. Be2 a6 10. a4 Nbd7 11. O-O Ne8 12. f4 f5 13. exf5 gxf5 14.
Bd3 Nb6 15. a5 Nd7 16. Nxf5 c4 17. Bc2 Nc5 18. Nxg7 Nxg7 19. Be3 Nf5 20. Bf2 b5 21. axb6 Qxb6 22. Na4 Qc7 23. Nxc5 dxc5 24. Qd2 Bb7 25. Ra5 Rad8 26. Rxc5 Qg7 27. Rxc4 Bxd5 28. Re4 Bxe4 29. Bb3+ Kh8 30. Qc3 Qxc3 31. bxc3 Rd3 32. Bc4 Rxc3 33. Bxa6 Rg8 34. g3 Rc2 35. Re1 Bf3 36. Bd3 Re2 37.
Bxe2 Bxe2 38. Rxe2 Rd8 39. Kg2 Rc8 40. Re5 Nh6 41. Rg5 Nf7 42. Bd4+ Ne5 43. Bxe5# 1-0

[Event "*** Titled Tuesday Blitz"]
[Site "Chess.com"]
[Date "2019.02.05"]
[Round "1"]
[White "yuki_chess123"]
[Black "Mikhail_Golubev"]
[Result "1-0"]
[WhiteElo "1953"]
[BlackElo "2458"]
[TimeControl "180+2"]
[EndTime "13:07:34 PST"]
[Termination "yuki_chess123 won by checkmate"]

1. e4 c5 2. Nf3 d6 3. Bb5+ Bd7 4. Bxd7+ Qxd7 5. O-O Nf6 6. d3 Nc6 7. Nc3 g6 8. Ng5 h6 9. Nh3 g5 10. f4 gxf4 11.
Nxf4 Ne5 12. Ncd5 Nxd5 13. Nxd5 Rg8 14. Bf4 Bg7 15. c3 e6 16. Bxe5 dxe5 17. Ne3 Rd8 18. Qf3 Qe7 19. Rad1 Rd7 20. Kh1 Qg5 21. Nc4 h5 22. Nd6+ Ke7 23. Qxf7+ Kxd6 24. Qxg8 h4 25.
h3 Rd8 26. Qf7 Rd7 27. Qf2 b6 28. a3 Kc7 29. b4 cxb4 30. axb4 Bh6 31. Qa2 Rg7 32.
Qxa7+ Kd6 33. Qa2 Qh5 34. Rf3 Bf4 35. d4 Qg5 36. dxe5+ Kxe5 37. Qf2 Ra7 38. Qd4# 1-0

[Event "*** Titled Tuesday Blitz"]
[Site "Chess.com"]
[Date "2019.02.05"]
[Round "1"]
[White "GataKamsky1974"]
[Black "Mistheoretical"]
[Result "1-0"]
[WhiteElo "2733"]
[BlackElo "2342"]
[TimeControl "180+2"]
[EndTime "13:07:35 PST"]
[Termination "GataKamsky1974 won by resignation"]

1. d4 Nf6 2. Nf3 d5 3. Bf4 c5 4. e3 Nc6 5. Nbd2 cxd4 6. exd4 Bf5 7. c3 e6 8. Bb5 Rc8 9. O-O Bd6 10. Bxd6 Qxd6 11. Ne5 O-O 12. Bxc6 bxc6 13. b4 a5 14. a3 Ra8 15. Re1 h6 16. Nb3 axb4 17. cxb4 Ne4 18. f3 Ng5 19. Na5 Rfc8 20. Rc1 Ra6 21. Qe2 Rb6 22.
Rc3 f6 23. Nd3 Bxd3 24. Qxd3 e5 25. Qf5 Re8 26. Rce3 Nf7 27. h4 Rbb8 28. Qc2 Re6 29. Nb3 Rbe8 30. Nc5 R6e7 31. Qd3 Nd8 32. Qe2 Nf7 33. a4 Kf8 34. a5 exd4 35. Rxe7 Rxe7 36. Qxe7+ Qxe7 37. Rxe7 Kxe7 38. a6 d3 39. Kf2 1-0

[Event "*** Titled Tuesday Blitz"]
[Site "Chess.com"]
[Date "2019.02.05"]
[Round "1"]
[White "KazakhFighter04"]
[Black "r31415"]
[Result "1-0"]
[WhiteElo "2657"]
[BlackElo "2296"]
[TimeControl "180+2"]
[EndTime "13:07:35 PST"]
[Termination "KazakhFighter04 won by resignation"]

1. d4 d6 2. Nf3 g6 3. g3 f5 4. Bg2 Nf6 5. O-O Bg7 6. c4 O-O 7. Nc3 c6 8. d5 e5 9. dxe6 Bxe6 10. b3 Na6 11. Bb2 Qe7 12. Qc2 Rad8 13. Rad1 Rfe8 14. Rd2 d5 15. cxd5 Nb4 16. Qb1 Nbxd5 17. Rfd1 Nxc3 18. Bxc3 Ne4 19. Rxd8 Nxc3 20. Rxe8+ Qxe8 21. Qc2 Nxd1 22. Qxd1 Bd5 23. e3 h6 24. Ne1 Bxg2 25. Nxg2 Qe5 26. Nf4 Kh7 27. h4 Bf8 28. Qd7+ Qg7 29. Qe8 Bd6 30.
Ne6 Qe7 31. Qc8 g5 32. hxg5 hxg5 33. Nd8 Kg6 34. Nxb7 Bxg3 35. Qxc6+ Kg7 36. fxg3 Qxe3+ 37. Kf1 Qd3+ 38. Ke1 Qb1+ 39. Kd2 Qxa2+ 40. Kc3 Qa1+ 41. Kb4 Qd4+ 42. Kb5 Qd3+ 43. Qc4 Qd7+ 44. Ka6 Qe7 45.
Kxa7 Qe3+ 46. Nc5 Qxg3 47. b4 Qc7+ 48. Ka6 Qc6+ 49. Ka5 Qc7+ 50. Ka4 Qc6+ 51. b5 Qa8+ 52. Kb4 g4 53. b6 Qa1 54. b7 Qb2+ 55. Nb3 Qe5 56. Qc3 1-0

[Event "*** Titled Tuesday Blitz"]
[Site "Chess.com"]
[Date "2019.02.05"]
[Round "1"]
[White "otrov-11"]
[Black "GukeshDommaraju"]
[Result "0-1"]
[WhiteElo "2311"]
[BlackElo "2686"]
[TimeControl "180+2"]
[EndTime "13:07:39 PST"]
[Termination "GukeshDommaraju won by resignation"]

1. d4 d5 2. c4 c6 3. cxd5 cxd5 4. Bf4 Nc6 5. Nc3 Nf6 6. e3 Bg4 7. Nf3 g6 8. Be2 Bg7 9. O-O O-O 10. h3 Bd7 11. Rc1 a6 12. Na4 e6 13. a3 Ne4 14.
b4 b6 15. Bd3 a5 16. b5 Na7 17.
Bc7 Qe7 18. Nxb6 Bxb5 19. Nxa8 Rxa8 20. Bxa5 Qxa3 21. Bxb5 Nxb5 22. Bb6 Nbc3 23. Qc2 Qa6 24. Rb1 Rc8 25. Bc5 Nxb1 26. Rxb1 Nxc5 27. dxc5 Qc6 28. Rc1 Bf8 29. Nd4 Qxc5 30. Qxc5 Rxc5 31. Rb1 Rc7 32. Rb8 Kg7 33. g3 h5 34. Kg2 Be7 35. Ra8 Bf6 36.
Nf3 Rd7 37. Re8 Bd8 38. Ne5 Rd6 39. g4 hxg4 40. hxg4 f6 41. Nf3 e5 42. g5 e4 43.
gxf6+ Kf7 44. Ng5+ Kxe8 45. f7+ Kf8 0-1

[Event "*** Titled Tuesday Blitz"]
[Site "Chess.com"]
[Date "2019.02.05"]
[Round "1"]
[White "TakeMyPieces97"]
[Black "DoHoChess"]
[Result "0-1"]
[WhiteElo "2260"]
[BlackElo "2620"]
[TimeControl "180+2"]
[EndTime "13:07:39 PST"]
[Termination "DoHoChess won by checkmate"]

1. e4 e5 2. Nc3 Nf6 3. f4 d5 4. fxe5 Nxe4 5. Qf3 Nc6 6. Bb5 Nxc3 7. dxc3 Qh4+ 8. g3 Qe4+ 9. Qxe4 dxe4 10. Bxc6+ bxc6 11. Be3 h5 12. Ne2 Bg4 13. Kf2 h4 14.
gxh4 Be7 15. Ng3 Rxh4 16. Nxe4 Bf5 17. Ng3 Bxc2 18. Rac1 Bg6 19. Rcd1 a5 20. Rd4 Rxd4 21. cxd4 Rb8 22. b3 a4 23. bxa4 Rb2+ 24. Kf3 Rxa2 25. Rc1 Kd7 26. Rc4 Rxh2 27. Bf2 Rh8 28. a5 Ra8 29.
Ra4 Bc2 30. Ra2 Bb3 31. Ra1 Bd5+ 32. Kf4 Bb4 33. a6 Bd2+ 34. Kf5 Bc4 35. a7 Kc8 36. Ne4 Be6# 0-1

[Event "*** Titled Tuesday Blitz"]
[Site "Chess.com"]
[Date "2019.02.05"]
[Round "1"]
[White "Karina_Oparina"]
[Black "Frolik67"]
[Result "1-0"]
[WhiteElo "2199"]
[BlackElo "2537"]
[TimeControl "180+2"]
[EndTime "13:07:39 PST"]
[Termination "Karina_Oparina won by checkmate"]

1. Nf3 e6 2. g3 Nf6 3. Bg2 d5 4. c4 Be7 5. O-O O-O 6. d4 c6 7. Nc3 Re8 8. Nd2 Nbd7 9. e4 dxe4 10. Ndxe4 Nxe4 11. Nxe4 Nf6 12. Nxf6+ Bxf6 13. Be3 Qc7 14. Qc2 Bd7 15. Rac1 e5 16. d5 b6 17. dxc6 Bxc6 18.
Bxc6 Qxc6 19. c5 b5 20. b4 a5 21. a3 axb4 22. axb4 h5 23. Rfd1 Be7 24. Qf5 h4 25.
Qxe5 hxg3 26. hxg3 Ra4 27. Qd5 Qxd5 28. Rxd5 Rxb4 29.
c6 Rc8 30. c7 Kf8 31. Bc5 Bxc5 32. Rd8+ Ke7 33. Rxc8 Bb6 34. Rb8 Bxc7 35. Rxc7+ Kf6 36. Rcb7 Ra4 37. Rxb5 Kg6 38. R8b6+ f6 39. Kg2 Kh6 40.
Rc5 Ra1 41. Rc7 Rd1 42. Rbb7 g6 43. Rf7 f5 44. Rf6 f4 45. Rbb6 Kh5 46. Rxg6 f3+ 47. Kxf3 Rd3+ 48. Kg2 Rd2 49. Rh6+ Kg5 50. Rbg6+ Kf5 51.
Rg8 Ra2 52. Rh4 Ra3 53. Rf4+ Ke5 54. Re8+ Kd5 55. Rf3 Ra1 56. Rd3+ Kc4 57. Rd7 Kc5 58. Rc8+ Kb6 59. Rd2 Kb7 60. Rc3 Rb1 61. g4 Rb5 62. f4 Rb4 63. Kg3 Rb1 64. g5 Rg1+ 65. Kf3 Rf1+ 66. Ke4 Re1+ 67. Kf5 Rb1 68. g6 Rb5+ 69. Kg4 Rb1 70. f5 Ka6 71. f6 Rb4+ 72. Kg5 Rb5+ 73. Kh6 Rb1 74. Kg7 Ka7 75. f7 Rb7 76. Kg8 Rb6 77.
g7 Rb1 78. f8=Q Kb7 79. Qc8+ Kb6 80. Qb8+ Ka5 81. Ra2# 1-0

[Event "*** Titled Tuesday Blitz"]
[Site "Chess.com"]
[Date "2019.02.05"]
[Round "1"]
[White "Dr-Bassem"]
[Black "PlotnikovPavel"]
[Result "1-0"]
[WhiteElo "2772"]
[BlackElo "2384"]
[TimeControl "180+2"]
[EndTime "13:07:40 PST"]
[Termination "Dr-Bassem won on time"]

1. e4 e6 2. d3 d5 3. Nd2 c5 4. Ngf3 Nc6 5. g3 g6 6. Bg2 Bg7 7. O-O Nge7 8. Re1 O-O 9. h4 h6 10. e5 Nf5 11. Nf1 f6 12. exf6 Qxf6 13. c3 Kh7 14. N1h2 e5 15. Ng4 Qd6 16. Nd2 Bd7 17. c4 Nb4 18. cxd5 Nd4 19. Nc4 Qa6 20. Ngxe5 Bf5 21.
g4 Bxd3 22. Nxd3 Qxc4 23. Nxb4 cxb4 24. Be3 Rae8 25. Rc1 Qxa2 26. Rc7 Nb5 27. Rxb7 Nd6 28. Rd7 Nc4 29. Bd4 Rxe1+ 30. Qxe1 1-0